 Dungeon Crawl Stone Soup version 0.28-a0-1199-gef9e1dbd39 (webtiles) character file.

Game seed: 11708372452487810255

3899 Zonian the Covert (level 10, 0/77 HPs)
             Began as a Gnoll Brigand on Dec 19, 2021.
             Slain by Psyche (19 damage)
             ... on level 8 of the Dungeon on Dec 20, 2021.
             The game lasted 00:23:54 (9733 turns).

Zonian the Covert (Gnoll Brigand)                   Turns: 9733, Time: 00:23:55

Health: 0/77       AC: 16    Str: 10    XL:     10   Next: 20%
Magic:  17/17      EV: 16    Int: 13    God:
Gold:   265        SH:  0    Dex: 22    Spells: 19/19 levels left

rFire   . . .      SeeInvis .   r - +4 short sword (freeze)
rCold   . . .      Faith    .   (no shield)
rNeg    . . .      Spirit   .   q - +0 steam dragon scales
rPois   .          Reflect  .   (no helmet)
rElec   .          Harm     .   c - +1 cloak
rCorr   .          Rampage  .   h - +2 pair of gloves
Will    .....                   w - +0 pair of boots
Stlth   +++++.....              (no amulet)
HPRegen 0.22/turn               H - +4 ring of protection
MPRegen 0.15/turn               n - +6 ring of dexterity

@: lethally poisoned (0 -> -4)
A: fangs 1, strong nose, distributed training
a: no special abilities


You were on level 8 of the Dungeon.
You visited 1 branch of the dungeon, and saw 8 of its levels.

You collected 265 gold pieces.

Inventory:

Hand Weapons
 a - a +2 dagger
 j - a +2 vorpal mace
 r - a +4 short sword of freezing (weapon)
 u - a +5 whip
 y - a +0 hunting sling
 z - a +2 vorpal hand axe
 B - a +2 dagger of electrocution
 D - a +2 dire flail
 F - a +0 hunting sling of flaming
Missiles
 d - 4 poisoned darts (quivered)
 e - 3 curare-tipped darts
 f - 54 sling bullets
 A - 5 boomerangs
Armour
 b - +0 steam dragon scales
 c - a +1 cloak (worn)
 h - a +2 pair of gloves (worn)
 k - a +0 leather armour
 q - +0 steam dragon scales (worn)
 w - a +0 pair of boots (worn)
 x - the +9 plate armour "Uhiryl" {SInv}
   (You found it on level 4 of the Dungeon)

   SInv:      It lets you see invisible.
 G - a +3 leather armour of fire resistance
Jewellery
 i - a ring of resist corrosion
 m - a ring of positive energy
 n - a +6 ring of dexterity (right hand)
 E - a ring of magical power
 H - a +4 ring of protection (left hand)
Wands
 s - a wand of paralysis (10)
 v - a wand of charming (4)
 C - a wand of flame (40)
Scrolls
 p - 2 scrolls of magic mapping
Potions
 g - a potion of mutation
 l - a potion of ambrosia
 o - a potion of heal wounds
 t - 2 potions of attraction
 I - a potion of might
 J - a potion of invisibility


   Skills:
 + Level 6.9 Fighting
 + Level 6.9 Short Blades
 + Level 5.0 Long Blades
 + Level 5.0 Axes
 + Level 5.0 Maces & Flails
 + Level 5.0 Polearms
 + Level 5.0 Staves
 + Level 5.0 Slings
 + Level 5.0 Bows
 + Level 5.0 Crossbows
 + Level 6.9 Throwing
 + Level 5.0 Armour
 + Level 5.7 Dodging
 + Level 9.3 Stealth
 + Level 5.0 Shields
 + Level 5.0 Unarmed Combat
 + Level 5.0 Spellcasting
 + Level 4.1 Conjurations
 + Level 4.1 Hexes
 + Level 4.1 Summonings
 + Level 4.1 Necromancy
 + Level 4.1 Translocations
 + Level 4.1 Transmutations
 + Level 4.1 Fire Magic
 + Level 4.1 Ice Magic
 + Level 4.1 Air Magic
 + Level 4.1 Earth Magic
 + Level 4.1 Poison Magic
 + Level 5.5 Invocations
 + Level 5.0 Evocations


You had 19 spell levels left.
You didn't know any spells.
Your spell library contained the following spells:

 Spells                   Type           Power      Damage    Failure   Level
 Frozen Ramparts          Ice            28%        1d4       10%         3
 Ice Form                 Ice/Tmut       14%        N/A       32%         4
 Summon Ice Beast         Ice/Summ       14%        N/A       32%         4


Dungeon Overview and Level Annotations

Branches:
Dungeon (8/15)             Temple (0/1) D:7
   Lair: D:8-11

Altars:
Dithmenos
Elyvilon
Sif Muna
Trog
Vehumet

Shops:
D:1 (   D:7 ::?

Annotations:
D:5 Dowan, Duvessa
D:6 exclusion: statue
D:8 Gastronok, Psyche


Innate Abilities, Weirdness & Mutations

You have very sharp teeth.
Your uncanny sense of smell can sniff out nearby items.
Your experience applies equally to all skills.


Message History

The killer bee zombie is almost destroyed.
The killer bee zombie barely misses you.
The killer bee zombie hits you but does no damage.
You hit the killer bee zombie.
You destroy the killer bee zombie!
Unknown command.
You close the door.
Unknown command.
You open the door.
Psyche the Insane Magess comes into view.
She is wielding a +4 dagger of distortion and wearing a +2 robe of resistance.
Unknown command.
There is an open door here.
Found a cyan potion.
Psyche shouts!
Psyche drinks a potion.
Psyche flickers and vanishes!
Something barely misses you.
You barely miss something. You punch something. You miss something.
Something hits you. Space warps around you!
You hit something. You closely miss something. Something hits you.
You blink.
Gastronok waves his eye-stalks in wide circles.
The air twists around and strikes you!!
There is an open door here.
Unknown command.
You hear some strange, mumbled words.
A swirling arc of seething chaos appears!
An arc of chaos appears from out of thin air!
The arc of chaos hits you but does no damage.
You are poisoned.
You puncture something! Your bite misses something.
You feel sick. Something hits you. Space warps around you.
You closely miss something.
You hear some strange, mumbled words.
A swirling arc of seething chaos appears!
An arc of chaos appears from out of thin air!
The arc of chaos hits you!
Your mind is blasted!
The arc of chaos grounds out.
You hit something. You freeze something.
You feel sick. Something hits you.
* * * LOW HITPOINT WARNING * * *
Space warps horribly around you!!
You die...

###+###.####.........####...##.##
# #.# #....'.........'w.))..w....
###.###.####.........####...##.##
..(.....# ##.......## #...##.##
#.#.##.## ##.....## #......##
..#.##.# ##...## ###......
#......# ##'## #.##### ##.#.### ∆
#.# #.# # .###. #@# #.# .# #.
##{## #.# # # #...# #.# #.....#
#.# ##...## ##... ##.## !# ##


There were no monsters in sight!

Vanquished Creatures
  A cyclops (D:6)
  Joseph (D:7)
  Sigmund (D:5)
  4 yaks (D:7)
  2 steam dragons
  2 black bears
  3 necrophages
  A gnoll sergeant (D:7)
  3 scorpions
  14 wights
  5 hounds
  6 orc priests
  A gnoll shaman (D:8)
  An iguana (D:5)
  5 orc wizards
  A killer bee zombie (D:8)
  8 adders
  10 gnolls
  A shadow imp (D:5)
  A white imp (D:6)
  3 adder skeletons (D:4)
  3 worms
  2 dart slugs
  17 orcs
  7 ball pythons
  6 bats
  4 endoplasms
  7 giant cockroaches
  2 goblins
  9 hobgoblins
  5 kobolds
  5 quokkas
  5 frilled lizards
  2 rats
148 creatures vanquished.

Vanquished Creatures (collateral kills)
  A black bear (D:6)
  An adder (D:5)
2 creatures vanquished.

Vanquished Creatures (others)
  An orc wizard (D:7)
  A gnoll (D:7)
  2 orcs (D:7)
  A fungus (D:2)
5 creatures vanquished.

Grand Total: 155 creatures vanquished

Notes
Turn   | Place    | Note
-------+----------+-------------------------------------------
     0 | D:1      | Zonian the Gnoll Brigand began the quest for the Orb.
     0 | D:1      | Reached XP level 1. HP: 20/20 MP: 1/1
   170 | D:1      | Found Suomn's Weapon Shoppe.
   193 | D:1      | Reached XP level 2. HP: 26/26 MP: 2/2
   775 | D:2      | Reached XP level 3. HP: 31/31 MP: 3/3
   910 | D:2      | Reached skill level 1 in Invocations
  1316 | D:2      | Found a faded altar of an unknown god.
  1495 | D:2      | Reached skill level 1 in Long Blades
  1495 | D:2      | Reached skill level 1 in Axes
  1495 | D:2      | Reached skill level 1 in Maces & Flails
  1495 | D:2      | Reached skill level 1 in Polearms
  1495 | D:2      | Reached skill level 1 in Staves
  1495 | D:2      | Reached skill level 1 in Slings
  1495 | D:2      | Reached skill level 1 in Bows
  1495 | D:2      | Reached skill level 1 in Crossbows
  1495 | D:2      | Reached skill level 1 in Armour
  1495 | D:2      | Reached skill level 1 in Shields
  1495 | D:2      | Reached skill level 1 in Unarmed Combat
  1495 | D:2      | Reached skill level 1 in Spellcasting
  1495 | D:2      | Reached skill level 1 in Evocations
  1559 | D:3      | Reached XP level 4. HP: 35/38 MP: 5/5
  1733 | D:4      | Reached skill level 1 in Conjurations
  1733 | D:4      | Reached skill level 1 in Hexes
  1733 | D:4      | Reached skill level 1 in Summonings
  1733 | D:4      | Reached skill level 1 in Necromancy
  1733 | D:4      | Reached skill level 1 in Translocations
  1733 | D:4      | Reached skill level 1 in Transmutations
  1733 | D:4      | Reached skill level 1 in Fire Magic
  1733 | D:4      | Reached skill level 1 in Ice Magic
  1733 | D:4      | Reached skill level 1 in Air Magic
  1733 | D:4      | Reached skill level 1 in Earth Magic
  1733 | D:4      | Reached skill level 1 in Poison Magic
  1733 | D:4      | Reached XP level 5. HP: 16/43 MP: 6/6
  2752 | D:4      | Reached skill level 8 in Stealth
  2753 | D:4      | Identified the +9 plate armour "Uhiryl" {SInv}
  2914 | D:4      | Reached XP level 6. HP: 48/50 MP: 8/8
  2951 | D:4      | Noticed a necrophage
  3251 | D:4      | Killed a necrophage
  3252 | D:4      | Reached skill level 5 in Fighting
  3252 | D:4      | Reached skill level 5 in Short Blades
  3252 | D:4      | Reached skill level 5 in Throwing
  3474 | D:5      | Entered Level 5 of the Dungeon
  3623 | D:5      | Reached XP level 7. HP: 36/56 MP: 10/10
  3736 | D:5      | Noticed Sigmund
  3933 | D:5      | Noticed Duvessa
  3936 | D:5      | Noticed Dowan
  4591 | D:5      | Killed Sigmund
  4687 | D:6      | Found a radiant altar of Vehumet.
  4707 | D:6      | Reached XP level 8. HP: 54/63 MP: 12/12
  4852 | D:6      | Found a shimmering blue altar of Sif Muna.
  5372 | D:6      | Noticed a cyclops
  5384 | D:6      | Killed a cyclops
  5459 | D:6      | Reached XP level 9. HP: 56/69 MP: 14/14
  6405 | D:7      | Found Ofimulol's Book Shoppe.
  6828 | D:7      | Found Sake's Book Emporium.
  6845 | D:7      | Found Vier's Magic Scroll Emporium.
  6946 | D:7      | Reached skill level 5 in Dodging
  6946 | D:7      | Reached skill level 9 in Stealth
  6988 | D:7      | Reached skill level 5 in Invocations
  7435 | D:7      | Found a shadowy altar of Dithmenos.
  7445 | D:7      | Noticed Joseph
  7460 | D:7      | Killed Joseph
  7895 | D:7      | Found a staircase to the Ecumenical Temple.
  8475 | D:8      | Found a white marble altar of Elyvilon.
  8547 | D:8      | Reached XP level 10. HP: 62/77 MP: 17/17
  8855 | D:8      | Noticed Gastronok
  9250 | D:8      | Reached skill level 5 in Long Blades
  9250 | D:8      | Reached skill level 5 in Axes
  9250 | D:8      | Reached skill level 5 in Maces & Flails
  9250 | D:8      | Reached skill level 5 in Polearms
  9250 | D:8      | Reached skill level 5 in Staves
  9250 | D:8      | Reached skill level 5 in Slings
  9250 | D:8      | Reached skill level 5 in Bows
  9250 | D:8      | Reached skill level 5 in Crossbows
  9250 | D:8      | Reached skill level 5 in Armour
  9250 | D:8      | Reached skill level 5 in Shields
  9250 | D:8      | Reached skill level 5 in Unarmed Combat
  9250 | D:8      | Reached skill level 5 in Spellcasting
  9250 | D:8      | Reached skill level 5 in Evocations
  9550 | D:8      | Found a bloodstained altar of Trog.
  9718 | D:8      | Noticed Psyche
  9733 | D:8      | Slain by Psyche

Illustrated notes

Levels and vault maps discovered:
D:1:      psy_arrival_fountain, layout_basic, serial_shops,
          nicolae_shop_bloodbath_and_beyond, chequers_mini_garden,
          nrook_mini_vaults, wad_floor_pattern_untrapped,
          minmay_tree_intersection, minmay_hedge_maze, hangedman_decor_growths
D:2:      layout_loops_ring, shapermc_ecumenical_altar_ellora
D:3:      layout_rooms
D:4:      layout_rooms, minmay_quantized
D:5:      layout_basic, uniq_duvessa, uniq_sigmund
D:6:      layout_gridville, vehumet_statue, mainiacjoe_overflow_24_doors,
          corexii_hall_statues_s
D:7:      wander_river, layout_basic, nicolae_dithmenos_the_darkroom,
          temple_green, serial_shops, nicolae_square_shop, nicolae_diamond_shop,
          shop, serial_rivers, chequers_serial_rivers_micro_d,
          chequers_serial_rivers_micro_a, chequers_serial_rivers_marsh,
          chequers_serial_rivers_micro_d, minmay_misc_feat_iff, uniq_joseph
D:8:      layout_loops_corners, lemuel_doored_altar,
          hangedman_abyss_or_decor_passed, david_defended_altar_orc,
          uniq_psyche, uniq_gastronok

Skill      XL: |  1  2  3  4  5  6  7  8  9 10 |
---------------+-------------------------------+-----
Invocations    | 1 2 3 4 5 |  5.5
Long Blades    | 1 2 3 4 5 |  5.0
Axes           | 1 2 3 4 5 |  5.0
Maces & Flails | 1 2 3 4 5 |  5.0
Polearms       | 1 2 3 4 5 |  5.0
Staves         | 1 2 3 4 5 |  5.0
Slings         | 1 2 3 4 5 |  5.0
Bows           | 1 2 3 4 5 |  5.0
Crossbows      | 1 2 3 4 5 |  5.0
Armour         | 1 2 3 4 5 |  5.0
Shields        | 1 2 3 4 5 |  5.0
Unarmed Combat | 1 2 3 4 5 |  5.0
Spellcasting   | 1 2 3 4 5 |  5.0
Evocations     | 1 2 3 4 5 |  5.0
Conjurations   | 1 2 3 4 |  4.1
Hexes          | 1 2 3 4 |  4.1
Summonings     | 1 2 3 4 |  4.1
Necromancy     | 1 2 3 4 |  4.1
Translocations | 1 2 3 4 |  4.1
Transmutations | 1 2 3 4 |  4.1
Fire Magic     | 1 2 3 4 |  4.1
Ice Magic      | 1 2 3 4 |  4.1
Air Magic      | 1 2 3 4 |  4.1
Earth Magic    | 1 2 3 4 |  4.1
Poison Magic   | 1 2 3 4 |  4.1
Dodging        | 3 4 5 |  5.7
Stealth        | 8 9 |  9.3
Fighting       | 5 6 |  6.9
Short Blades   | 5 6 |  6.9
Throwing       | 5 6 |  6.9

Action                   |  1- 3 |  4- 6 |  7- 9 | 10-12 || total
-------------------------+-------+-------+-------+-------++-------
Melee: Dagger            |    89 |   111 |   121 |       ||   321
       Bite              |    12 |    34 |    46 |    21 ||   113
       Whip              |       |    80 |    59 |       ||   139
       Punch             |       |       |     7 |     6 ||    13
       Short sword       |       |       |    89 |   132 ||   221
Throw: Dart              |     4 |     2 |    28 |       ||    34
Evoke: Wand              |       |       |     6 |     1 ||     7
  Use: Potion            |       |     3 |     4 |       ||     7
       Scroll            |       |    11 |     4 |     2 ||    17
 Stab: Sleeping          |    17 |     8 |     6 |     4 ||    35
       Distracted        |       |     1 |       |       ||     1
       Paralysed         |       |       |     2 |       ||     2
Armor: Robe              |    13 |    56 |       |       ||    69
       Leather armour    |       |       |    58 |    16 ||    74
       Skin              |       |       |    21 |       ||    21
       Steam dragon scal |       |       |     9 |    11 ||    20
Dodge: Dodged            |    51 |   104 |   155 |    79 ||   389

Table legend: (Time is in decaauts)
 A = Elapsed time spent in this place.
 B = Non-inter-level travel time spent in this place.
 C = Inter-level travel time spent in this place.
 D = Time resting spent in this place.
 E = Time spent auto-exploring this place.
 F = Levels seen in this place.
 G = Mean time per level.
                   A        B        C        D        E       F      G
               +--------+--------+--------+--------+--------+-----+--------+
         Total |   9623 |   9485 |    138 |   3395 |   4014 |   8 | 1202.9 |
       Dungeon |   9623 |   9485 |    138 |   3395 |   4014 |   8 | 1202.9 |
               +--------+--------+--------+--------+--------+-----+--------+

Top non-repeatable levels by time:
     D:7: 2786 daAuts
     D:8: 1323 daAuts
     D:4: 1193 daAuts
     D:5: 1158 daAuts
     D:6: 898 daAuts
     D:2: 784 daAuts
     D:3: 747 daAuts
     D:1: 731 daAuts
